 Dungeon Crawl Stone Soup version 0.28-a0-535-g6f645e4c1d (webtiles) character file.

Game seed: 6306876534435493812

363 tatocazan the Skirmisher (level 6, -2/48 HPs)
             Began as a Demonspawn Fighter on Sept 26, 2021.
             Slain by a gnoll (6 damage)
             ... on level 3 of the Dungeon.
             The game lasted 00:03:10 (2693 turns).

tatocazan the Skirmisher (Demonspawn Fighter)       Turns: 2693, Time: 00:03:11

Health: -2/48      AC:  8    Str: 18    XL:     6   Next: 39%
Magic:  6/6        EV:  9    Int:  9    God:
Gold:   160        SH:  5    Dex: 19    Spells: 5/5 levels left

rFire   . . .      SeeInvis .   a - +0 war axe
rCold   . . .      Faith    .   c - +0 buckler
rNeg    . . .      Spirit   .   b - +0 scale mail
rPois   .          Reflect  .   (no helmet)
rElec   .          Harm     .   (no cloak)
rCorr   .          Rampage  .   m - +0 pair of gloves
Will    .....                   (no boots)
Stlth   ..........              (no amulet)
HPRegen 0.16/turn               h - +6 ring of dexterity
MPRegen 0.10/turn               (no ring)

@: lethally poisoned (-2 -> -4)
A: hooves 1, foul stench 2, demonic magic 1
a: no special abilities


You were on level 3 of the Dungeon.
You visited 1 branch of the dungeon, and saw 3 of its levels.
You also visited: Sewer.

You collected 160 gold pieces.

Inventory:

Hand Weapons
 a - a +0 war axe (weapon)
Armour
 b - a +0 scale mail (worn)
 c - a +0 buckler (worn)
 m - a +0 pair of gloves (worn)
Jewellery
 h - a +6 ring of dexterity (left hand)
Scrolls
 d - a scroll of enchant armour {unknown}
 g - a scroll of teleportation
 j - 2 scrolls of fog {unknown}
 n - a scroll of acquirement {unknown}
 o - 2 scrolls of identify {unknown}
 p - a scroll of summoning {unknown}
 q - 3 scrolls of amnesia {unknown}
 s - a scroll of immolation {unknown}
 u - a scroll of blinking {unknown}
 v - a scroll of fear {unknown}
Potions
 e - a potion of lignification {unknown}
 f - a potion of mutation {unknown}
 i - a potion of haste {unknown}
 k - 3 potions of heal wounds
 l - 2 potions of curing
 r - a potion of berserk rage {unknown}
 t - 2 potions of flight


   Skills:
 + Level 4.2 Fighting
 * Level 4.0 Axes
 + Level 3.8 Armour
 + Level 3.7 Shields


You had 5 spell levels left.
You didn't know any spells.
Your spell library contained the following spells:

 Spells                   Type           Power      Damage    Failure   Level
 Dazzling Flash           Conj/Hex       0%         N/A       98%         3
 Agony                    Necr           0%         N/A       100%        5
 Silence                  Hex/Air        0%         N/A       100%        5


Dungeon Overview and Level Annotations

Branches:
Dungeon (3/15)              Sewer (visited)

Altars:
Fedhas
Okawaru
Trog


Innate Abilities, Weirdness & Mutations

You have large cloven feet.
You sometimes emit foul miasma when damaged in melee.
Spells you cast may paralyse adjacent enemies.


Message History

* * * LOW HITPOINT WARNING * * *
The gnoll hits you with a +0 club!
* * * LOW HITPOINT WARNING * * *
You emit a cloud of foul miasma!
The adder closely misses you. The gnoll hits you but does no damage.
Your Axes skill increases to level 4!
You take 13 damage, and have 5/48 hp.
MASSIVE DAMAGE!!
You feel much better.
You feel very sick.
The gnoll is engulfed in dark miasma.
The gnoll is poisoned.
The gnoll hits you with a +0 club. The adder barely misses you.
The gnoll barely misses you.
You regained 13 hp, and now have 18/48 hp.
You closely miss the adder.
The adder is moderately wounded.
You hit the gnoll.
You feel very sick. The adder bites you but does no damage.
The gnoll is engulfed in dark miasma.
The gnoll looks even sicker.
The gnoll seems to slow down.
You kill the gnoll!
The gnoll hits you from afar with a +0 spear.
* * * LOW HITPOINT WARNING * * *
The adder closely misses you.
You take 7 damage, and have 11/48 hp.
You slash the adder!
You kill the adder!
You feel sick. The gnoll hits you but does no damage.
You take 2 damage, and have 9/48 hp.
You feel sick. The gnoll hits you but does no damage.
You take 2 damage, and have 7/48 hp.
You hit the gnoll.
The gnoll is heavily wounded.
You feel sick. The gnoll hits you but does no damage.
The gnoll hits you with a +0 spear.
* * * LOW HITPOINT WARNING * * *
You take 2 damage, and have 5/48 hp.
You barely miss the gnoll. Your kick misses the gnoll.
The gnoll is heavily wounded.
You feel sick. The gnoll hits you with a +0 spear.
You die...

......# #.#..##
........## #...))####
.........# ###.#)...#
.........# #...##.#
.........## ###..#..
..........#########.....
........................
.......).....####.......
.......@.###.## #.......
......g).# #..# #.......
.......>.# ##.# #.......
.........# #.###.......
.........# #.....######
.....)..## #######
#......## #######


You could see a gnoll.

Vanquished Creatures
  A kobold brigand (Sewer)
  A scorpion (D:3)
  Natasha (twice) (D:3)
  3 gnolls (D:3)
  4 adders
  3 river rats
  3 dart slugs (D:3)
  5 orcs (D:3)
  7 ball pythons
  2 bats
  5 endoplasms
  4 giant cockroaches
  4 goblins
  7 hobgoblins
  6 jackals
  11 kobolds
  3 quokkas
  6 frilled lizards
  10 rats
87 creatures vanquished.

Notes
Turn   | Place    | Note
-------+----------+-------------------------------------------
     0 | D:1      | tatocazan the Demonspawn Fighter began the quest for the
                  | Orb.
     0 | D:1      | Reached XP level 1. HP: 18/18 MP: 1/1
   196 | D:1      | Gained mutation: You may rarely emit foul miasma when
                  | damaged in melee. [demonic ancestry]
   196 | D:1      | Reached XP level 2. HP: 24/24 MP: 2/2
   550 | D:1      | Gained mutation: You have large cloven feet. [demonic
                  | ancestry]
   550 | D:1      | Reached XP level 3. HP: 22/29 MP: 3/3
  1863 | D:2      | Reached XP level 4. HP: 35/35 MP: 4/4
  1935 | D:3      | Noticed a scorpion
  1938 | D:3      | Killed a scorpion
  1974 | D:3      | Found a glowing drain.
  1982 | D:3      | Gained mutation: You sometimes emit foul miasma when
                  | damaged in melee. [demonic ancestry]
  1982 | D:3      | Reached XP level 5. HP: 42/42 MP: 5/5
  1994 | Sewer    | Entered a sewer
  2229 | D:3      | Noticed Natasha
  2236 | D:3      | Killed Natasha
  2253 | D:3      | Found a blossoming altar of Fedhas.
  2254 | D:3      | Found an iron altar of Okawaru.
  2255 | D:3      | Found a bloodstained altar of Trog.
  2264 | D:3      | Gained mutation: Spells you cast may paralyse adjacent
                  | enemies. [demonic ancestry]
  2264 | D:3      | Reached XP level 6. HP: 47/48 MP: 6/6
  2376 | D:3      | Found a faded altar of an unknown god.
  2515 | D:3      | Noticed Natasha
  2526 | D:3      | Killed Natasha
  2693 | D:3      | Slain by a gnoll

Illustrated notes

Levels and vault maps discovered:
D:1:      scummos_arrival_simple_fountains, layout_basic, nrook_campfire,
          minmay_octomino_j4
D:2:      layout_loops_corners, chequers_serial_rivers_small_b
D:3:      layout_rooms, grunt_temple_overflow_open, portal_sewer_entry_c,
          hellmonk_ecumenical_altar_lost_god, uniq_natasha

Skill      XL: |  1  2  3  4  5  6 |
---------------+-------------------+-----
Axes           | 2 3 4 |  4.0
Armour         | 3 |  3.8
Shields        | 3 |  3.7
Fighting       | 4 |  4.2

Action                   |  1- 3 |  4- 6 || total
-------------------------+-------+-------++-------
Melee: War axe           |    99 |    80 ||   179
       Kick              |    15 |    29 ||    44
  Use: Potion            |       |     2 ||     2
       Scroll            |       |     1 ||     1
Armor: Scale mail        |    33 |    39 ||    72
Dodge: Dodged            |    60 |    39 ||    99
Block: Buckler           |    25 |    25 ||    50

Table legend: (Time is in decaauts)
 A = Elapsed time spent in this place.
 B = Non-inter-level travel time spent in this place.
 C = Inter-level travel time spent in this place.
 D = Time resting spent in this place.
 E = Time spent auto-exploring this place.
 F = Levels seen in this place.
 G = Mean time per level.
                   A        B        C        D        E       F      G
               +--------+--------+--------+--------+--------+-----+--------+
         Total |   2800 |   2748 |     52 |    484 |   1732 |   4 |  700.0 |
       Dungeon |   2576 |   2524 |     52 |    484 |   1572 |   3 |  858.7 |
         Sewer |    224 |    224 |      0 |      0 |    160 |   1 |  224.0 |
               +--------+--------+--------+--------+--------+-----+--------+

Top non-repeatable levels by time:
     D:2: 1176 daAuts
     D:1: 801 daAuts
     D:3: 598 daAuts
   Sewer: 224 daAuts
